 Dungeon Crawl Stone Soup version 0.29-a0-22-gbf593b16ee (webtiles) character file.

Game seed: 404090402365671933

12 enile the Ruffian (level 2, 0/17 HPs)
             Began as a Tengu Wanderer on Jan 30, 2022.
             Slain by a jackal (1 damage)
             ... on level 1 of the Dungeon.
             The game lasted 00:00:51 (301 turns).

enile the Ruffian (Tengu Wanderer)                   Turns: 301, Time: 00:00:52

Health: 0/17       AC:  5    Str: 14    XL:     2   Next: 33%
Magic:  1/4        EV: 10    Int: 13    God:
Gold:   0          SH:  0    Dex: 10    Spells: 2/3 levels left

rFire   . . .      SeeInvis .   a - +0 club
rCold   . . .      Faith    .   (no shield)
rNeg    . . .      Spirit   .   c - +0 ring mail
rPois   .          Reflect  .   (helmet restricted)
rElec   .          Harm     .   (no cloak)
rCorr   .          Rampage  .   (no gloves)
Will    .....                   (boots unavailable)
Stlth   ..........              (no amulet)
HPRegen 0.05/turn               (no ring)
MPRegen 0.09/turn               (no ring)

@: no status effects
A: beak, talons 3
a: no special abilities


You were on level 1 of the Dungeon.
You visited 1 branch of the dungeon, and saw 1 of its levels.

Inventory:

Hand Weapons
 a - a +0 club (weapon)
Armour
 c - a +0 ring mail (worn)
 e - a +0 scale mail
Scrolls
 b - a scroll of summoning
 f - a scroll of noise {unknown}
 g - a scroll of fear {unknown}
 h - a scroll of enchant weapon {unknown}
Potions
 d - a potion of haste


   Skills:
 + Level 1.8 Fighting
 - Level 1.3 Armour
 - Level 3.3 Unarmed Combat
 - Level 1.1 Spellcasting
 - Level 2.5 Summonings
 - Level 2.0 Evocations


You had 2 spell levels left.
You knew the following spells:

 Your Spells              Type           Power      Damage    Failure   Level
a - Summon Small Mammal   Summ           28%        N/A       21%         1

Your spell library contained the following spells:

 Spells                   Type           Power      Damage    Failure   Level
 Summon Guardian Golem    Hex/Summ       3%         N/A       71%         3


Dungeon Overview and Level Annotations

Branches:
Dungeon (1/15)

Altars:


Innate Abilities, Weirdness & Mutations

You have a beak for a mouth.
You have claws for feet.


Message History

The jackal barely misses you.
You closely miss the jackal. You claw the jackal, but do no damage.
You punch the jackal.
The jackal is almost dead.
The jackal barely misses you.
The jackal bites you but does no damage.
You closely miss the jackal. Your kick misses the jackal.
The jackal is almost dead.
The jackal bites you. The jackal barely misses you.
Casting: Summon Small Mammal (safe; 21% risk of failure)
Confirm with . or Enter, or press ? or * to list all spells.
You miscast Summon Small Mammal.
You are very lightly contaminated with residual magic.
Nothing appears to happen.
The jackal bites you.
You closely miss the jackal. You claw the jackal, but do no damage.
The jackal is almost dead.
The jackal bites you but does no damage.
The jackal barely misses you.
You barely miss the jackal. Your kick misses the jackal.
The jackal is almost dead.
The jackal bites you but does no damage.
The jackal barely misses you.
You closely miss the jackal. You peck the jackal, but do no damage.
You punch the jackal.
You kill the jackal!
The jackal bites you but does no damage.
Casting: Summon Small Mammal (safe; 21% risk of failure)
Confirm with . or Enter, or press ? or * to list all spells.
The jackal bites you. x2
* * * LOW HITPOINT WARNING * * *
The jackal bites you.
* * * LOW HITPOINT WARNING * * *
Your rat barely misses the jackal.
The jackal closely misses you.
Your magical contamination has completely faded away.
The jackal misses you. The jackal bites you.
* * * LOW HITPOINT WARNING * * *
The jackal bites you.
You die...

#.# ###.##... #.# ......
#†# ####.. #.# #.# ##
####.##### ...
#........###########..##
#......h.r....†.........
#......@.########.......
########## #........
#.....$.. #>.......
#........ #........
#........ #........


You could see a jackal (ally target) and a friendly rat (summoned).

Vanquished Creatures
  An endoplasm (D:1)
  A hobgoblin (D:1)
  5 jackals (D:1)
  A bat (D:1)
  A frilled lizard (D:1)
  2 rats (D:1)
11 creatures vanquished.

Notes
Turn   | Place    | Note
-------+----------+-------------------------------------------
     0 | D:1      | enile the Tengu Wanderer began the quest for the Orb.
     0 | D:1      | enile set off with the following items: a +0 club, a scroll
                  | of summoning, a +0 ring mail, a potion of haste; and the
                  | following spell memorised: Summon Small Mammal; and the
                  | following spells available to memorise: Summon Guardian
                  | Golem
     0 | D:1      | Reached XP level 1. HP: 12/12 MP: 3/3
   218 | D:1      | Reached XP level 2. HP: 15/16 MP: 2/4
   301 | D:1      | Slain by a jackal

Illustrated notes

Levels and vault maps discovered:
D:1:      psy_arrival_spokes, layout_rooms

Action                   || total
-------------------------++-------
Melee: Club              ||    34
       Kick              ||     9
       Peck              ||     6
       Punch             ||     2
 Cast: Summon Small Mamm ||    11
Armor: Ring mail         ||    24
Dodge: Dodged            ||    31

Table legend: (Time is in decaauts)
 A = Elapsed time spent in this place.
 B = Non-inter-level travel time spent in this place.
 C = Inter-level travel time spent in this place.
 D = Time resting spent in this place.
 E = Time spent auto-exploring this place.
 F = Levels seen in this place.
 G = Mean time per level.
                   A        B        C        D        E       F      G
               +--------+--------+--------+--------+--------+-----+--------+
         Total |    311 |    311 |      0 |      0 |    193 |   1 |  311.0 |
       Dungeon |    311 |    311 |      0 |      0 |    193 |   1 |  311.0 |
               +--------+--------+--------+--------+--------+-----+--------+

Top non-repeatable levels by time:
     D:1: 311 daAuts
